 Dungeon Crawl Stone Soup version 0.25-a0-365-g7600c65aa0 (webtiles) character file.

Game seed: 16050951079940963708, levelgen mode: deterministic

178652 Inarius the Severer (level 17, -2/136 HPs)
             Began as a Demonspawn Abyssal Knight on Jan 4, 2020.
             Was the Champion of Lugonu.
             Slain by a water elemental (15 damage)
             ... summoned by Ilsuiw
             ... on level 2 of the Shoals on Jan 5, 2020.
             The game lasted 01:08:11 (29268 turns).

Inarius the Severer (Demonspawn Abyssal Knight)    Turns: 29268, Time: 01:08:11

Health: -2/136     AC: 28    Str: 18    XL:     17   Next: 58%
Magic:  25/25      EV: 21    Int: 15    God:    Lugonu [******]
Gold:   1377       SH: 17    Dex: 21    Spells: 16/16 levels left

rFire    . . .     SeeInvis +   h - +3 broad axe (freeze)
rCold    + . .     Gourm    .   S - +3 warlock's mirror {reflect}
rNeg     . . .     Faith    .   w - +1 chain mail {rC+}
rPois    +         Spirit   .   e - +1 helmet {SInv}
rElec    .         Reflect  +   B - +2 cloak {+Inv}
rCorr    .         Harm     .   x - +0 pair of gloves {Dex+3}
MR       +....                  (boots unavailable)
Stlth    ..........             R - +6 amulet of reflection
HPRegen  0.32/turn              M - ring of the Tempest {rPois Slay+2 SInv}
MPRegen  0.19/turn              J - +6 ring of evasion

@: agile, sanguine armour, flying
A: talons 3, powered by death 3, powered by pain 1, sanguine armour 2
a: Depart the Abyss, Bend Space, Banish, Corrupt, Enter the Abyss, Brand Weapon
With Distortion, Renounce Religion, Evoke Invisibility


You were on level 2 of the Shoals.
You worshipped Lugonu.
Lugonu was exalted by your worship.
You were hungry.

You visited 5 branches of the dungeon, and saw 28 of its levels.
You visited the Abyss 1 time.
You also visited: Ossuary, Bailey, Gauntlet and Ice Cave.

You collected 3046 gold pieces.
You spent 1669 gold pieces at shops.

Inventory:

Hand Weapons
 h - a +3 broad axe of freezing (weapon)
 P - the +7 battleaxe of Pride {flame, rN+++ Str+5 Dex-5 Stlth-}
   (You bought it in a shop on level 9 of the Dungeon)

   It has been specially enchanted to burn those struck by it, causing extra
   injury to most foes and up to half again as much damage against particularly
   susceptible opponents.
   Big, fiery blades are also staple armaments of hydra-hunters.
   It affects your strength (+5).
   It affects your dexterity (-5).
   It renders you almost immune to negative energy.
   It makes you less stealthy.
Missiles
 U - 15 silver javelins (quivered)
Armour
 e - a +1 helmet of see invisible (worn)
 f - the +6 ring mail of Kolleido {rCorr}
   (You found it on level 6 of the Lair of Beasts)

   It provides partial protection from all sources of acid and corrosion.
 l - a +0 shield
 r - a scarf of spirit shield
 w - a +1 chain mail of cold resistance (worn)
 x - a +0 pair of gloves of dexterity (worn)
 z - a +1 chain mail of positive energy
 B - a +2 cloak of invisibility (worn)
 S - the +3 warlock's mirror (worn) {reflect}
   (You found it on level 11 of the Dungeon)
Jewellery
 k - an uncursed amulet of guardian spirit
 C - a +3 ring of strength
 D - an uncursed ring of ice
 J - a +6 ring of evasion (right hand)
 K - the ring "Kefimpasa" {rPois rN+}
   (You took it off an orc on level 9 of the Dungeon)

   [ring of poison resistance]

   It protects you from poison.
   It protects you from negative energy.
 M - the ring of the Tempest (left hand) {rPois Slay+2 SInv}
   (You found it in a Gauntlet)

   [ring of poison resistance]

   It affects your accuracy and damage with ranged weapons and melee attacks
   (+2).
   It protects you from poison.
   It lets you see invisible.
 Q - an uncursed ring of flight
 R - a +6 amulet of reflection (around neck)
 X - an uncursed ring of protection from cold
Wands
 b - a wand of paralysis (16)
 t - a wand of random effects (29)
 y - a wand of acid (34)
 V - a wand of iceblast (10)
 W - a wand of flame (49)
 Y - a wand of clouds (6)
 Z - a wand of polymorph (14)
Scrolls
 d - 8 scrolls of fog
 i - 11 scrolls of teleportation
 j - 2 scrolls of magic mapping
 m - 5 scrolls of blinking
 o - 6 scrolls of enchant armour
 A - a scroll of identify
 E - 2 scrolls of noise
 F - 5 scrolls of immolation
 H - 5 scrolls of remove curse
 I - 3 scrolls of summoning
 L - 6 scrolls of fear
Potions
 a - a potion of berserk rage
 g - 3 potions of agility
 n - 6 potions of heal wounds
 p - 4 potions of curing
 q - 3 potions of might
 s - 3 potions of invisibility
 u - 5 potions of haste
 v - 2 potions of magic
 G - 5 potions of lignification
 O - 4 potions of flight
 T - 2 potions of mutation
Comestibles
 c - 50 rations
 N - 3 chunks of flesh


   Skills:
 + Level 13.1 Fighting
 * Level 19.9 Axes
 - Level 10.0 Armour
 - Level 3.4 Dodging
 - Level 1.5 Stealth
 * Level 10.6 Shields
 * Level 11.7 Invocations
 * Level 5.3 Evocations


You had 16 spell levels left.
You didn't know any spells.
Your spell library contained the following spells:

 Spells                   Type           Power        Failure   Level  Hunger
 Corona                   Hex            #......      93%         1    ##.....
 Freeze                   Ice            #...         93%         1    ##.....
 Sandblast                Erth           #.....       93%         1    ##.....
 Corpse Rot               Necr/Air       N/A          98%         2    ###....
 Ensorcelled Hibernation  Hex/Ice        #.....       98%         2    ###....
 Slow                     Hex            #.......     98%         2    ###....
 Sublimation of Blood     Necr           #.........   98%         2    ###....
 Confuse                  Hex            #.......     100%        3    ####...
 Dazzling Flash           Conj/Hex       #.....       100%        3    ####...
 Inner Flame              Hex/Fire       #.......     100%        3    ####...
 Ozocubu's Armour         Chrm/Ice       #.......     100%        3    ####...
 Portal Projectile        Hex/Tloc       #.....       100%        3    ####...
 Tukima's Dance           Hex            #.......     100%        3    ####...
 Cause Fear               Hex            #.........   100%        4    #####..
 Hailstorm                Conj/Ice       #.......     100%        4    #####..
 Ice Form                 Ice/Tmut       #.......     100%        4    #####..
 Leda's Liquefaction      Hex/Erth       #.........   100%        4    #####..
 Petrify                  Tmut/Erth      #.......     100%        4    #####..
 Summon Ice Beast         Ice/Summ       #.......     100%        4    #####..
 Summon Lightning Spire   Summ/Air       #.......     100%        4    #####..
 Agony                    Necr           #.......     100%        5    ######.
 Dispel Undead            Necr           #.......     100%        5    ######.
 Excruciating Wounds      Chrm/Necr      #.........   100%        5    ######.
 Metabolic Englaciation   Hex/Ice        #.........   100%        5    ######.
 Silence                  Hex/Air        #.........   100%        5    ######.
 Conjure Ball Lightning   Conj/Air       #.........   100%        6    #######
 Deflect Missiles         Chrm/Air       #.........   100%        6    #######
 Freezing Cloud           Conj/Ice/Air   #.........   100%        6    #######
 Ozocubu's Refrigeration  Ice            #.........   100%        6    #######
 Simulacrum               Ice/Necr       #.........   100%        6    #######
 Starburst                Conj/Fire      #.........   100%        6    #######
 Malign Gateway           Summ/Tloc      #.........   100%        7    #######
 Monstrous Menagerie      Summ           #.........   100%        7    #######
 Orb of Destruction       Conj           #.........   100%        7    #######
 Summon Greater Demon     Summ           #.........   100%        7    #######
 Summon Horrible Things   Summ           #.........   100%        8    #######
 Tornado                  Air            #.........   100%        9    #######


Dungeon Overview and Level Annotations

Branches:
Dungeon (15/15)            Temple (0/1) D:6            Lair (6/6) D:8
 Shoals (2/4) Lair:4       Spider (3/4) Lair:2        Slime (0/5) Lair:6
    Orc (2/2) D:9             Elf (0/3) Orc:2        Vaults (0/5) D:13
 Depths (0/5) D:15        Ossuary (visited)          Bailey (visited)
  IceCv (visited)         Gauntlet (visited)

Altars:
Dithmenos
Elyvilon
Fedhas
Gozag
Qazlal
Ru
Sif Muna
Trog
Wu Jian
Xom

Shops:
D:5 }   D:9 (   Orc:1 ?(   Orc:2 :!*%%

Annotations:
Shoals:2 Ilsuiw


Innate Abilities, Weirdness & Mutations

You have claws for feet.
You regenerate a lot of health from kills.
You sometimes gain a little power by taking damage.
When seriously injured, your bleeding wounds create thick armour. (AC +9)


Message History

The water elemental hits you!
* * * LOW HITPOINT WARNING * * *
You focus on the pain.
You feel agile all of a sudden.
Ilsuiw casts a spell.
Ilsuiw sings a water chant to call the tide!
The water elemental barely misses you.
Unknown command.
You slip free of the water engulfing you.
You gasp with relief as air once again reaches your lungs.
You block Ilsuiw's attack.
The water elemental closely misses you. x2
Evoke which item? (* to show all) (? for menu, Esc to quit)
Okay, then.
Unknown command.
You feel much better. You block the water elemental's attack.
Ilsuiw casts a spell at you. The shard of ice hits you!! You partially resist.
* * * LOW HITPOINT WARNING * * *
You block the water elemental's attack. The water elemental hits you!
You die...

≈≈≈≈≈≈≈≈≈≈≈≈≈≈≈
≈≈≈≈≈≈≈≈≈≈≈≈≈≈≈≈
≈≈≈≈≈≈≈≈≈≈≈≈≈≈≈≈≈≈≈
≈≈≈≈≈≈≈≈≈≈≈≈≈≈≈≈≈≈≈≈
≈≈≈≈≈≈≈≈≈≈≈≈≈≈≈≈≈≈≈≈≈
≈≈≈≈≈≈≈≈≈≈≈≈≈≈≈≈≈≈≈≈≈
≈≈≈≈≈≈≈m≈≈≈≈≈(≈≈≈≈≈≈≈
≈≈≈≈≈≈≈≈≈EE≈≈≈≈≈≈≈≈≈≈
≈≈≈≈≈≈≈≈E@≈≈≈≈≈≈≈≈≈≈≈
≈≈≈≈≈≈≈≈≈≈)<..≈≈≈≈≈≈≈≈
≈≈≈≈≈≈≈≈≈).###.≈≈≈≈≈≈≈
≈≈≈≈≈≈≈≈≈)## #.≈≈≈≈≈≈≈
≈≈≈≈≈≈≈≈≈)).###.≈≈≈≈≈≈≈
≈≈≈≈≈≈≈≈≈(≈≈.....≈≈≈≈≈≈≈
≈≈≈≈≈≈≈≈≈≈≈≈...≈≈≈≈≈≈≈≈≈
≈≈≈≈≈≈≈≈≈≈[.#..≈≈≈≈≈≈≈≈≈
≈≈≈≈≈≈≈≈≈.####..≈≈≈≈≈≈≈≈


You could see Ilsuiw (invisible) and 3 water elementals.

Vanquished Creatures
  Bai Suzhen (Spider:3)
  Jorgrun (D:14)
  Polyphemus (Shoals:2)
  Frances (Spider:2)
  Kirke (Lair:5)
  A frost giant (IceCv)
  An iron dragon (D:13)
  A fire giant (D:13)
  3 emperor scorpions
  2 entropy weavers (Spider:1)
  Nessos (D:15)
  A minotaur (Gauntlet)
  2 dire elephants
  3 merfolk impalers
  Josephine (D:15)
  A great orb of eyes (D:13)
  A yaktaur captain (D:15)
  5 hydras
  2 centaur warriors (D:15)
  3 catoblepae
  A merfolk aquamancer (Shoals:1)
  8 two-headed ogres (Orc:2)
  2 ogre magi (Orc:2)
  9 death yaks
  A deep troll shaman (Lair:6)
  The ghost of emiel the Cleaver, a novice FoFi (D:8)
  2 tengu warriors (D:15)
  A fire crab (shapeshifter) (D:15)
  A fire crab (D:13)
  3 sixfirhies (Gauntlet)
  2 deep trolls (Orc:2)
  2 unseen horrors
  4 sea snakes
  An unseen horror (shapeshifter) (D:15)
  11 wizards
  A deep elf archer (D:13)
  2 necromancers (D:9)
  An ugly thing (D:13)
  An oklob plant (Lair:6)
  5 harpies (Shoals:1)
  14 orb spiders
  15 wolf spiders
  2 deep elf magi (D:13)
  5 orc knights
  7 cyclopes
  5 manticores
  2 moths of wrath
  2 merfolk sirens (Shoals:2)
  4 black mambas
  28 elephants
  A water nymph (Shoals:1)
  4 molten gargoyles (D:14)
  3 gargoyles
  5 spiny frogs
  2 efreet
  2 torpor snails (Lair:6)
  6 rime drakes
  3 minotaur zombies (Gauntlet)
  7 komodo dragons
  A kobold demonologist (D:15)
  A freezing wraith (D:14)
  4 demonic crawlers
  A yaktaur (shapeshifter) (D:13)
  A yaktaur (D:15)
  A wind drake (Shoals:1)
  10 merfolk
  14 trolls
  22 jumping spiders
  A meliai (D:13)
  14 polar bears
  A harpy skeleton (D:14)
  11 blink frogs
  5 slime creatures (D:15)
  21 hippogriffs
  4 snapping turtles
  8 dream sheep
  9 wraiths
  14 flying skulls
  44 redbacks
  2 shadows (D:9)
  16 tarantellas
  A tarantella (shapeshifter) (D:13)
  3 water elementals (Shoals:1)
  5 basilisks
  A spriggan (Lair:2)
  4 wyverns
  3 hungry ghosts
  5 hogs (Lair:5)
  55 yaks
  A steam dragon (D:13)
  Eustachio (D:6)
  8 vampire mosquitoes
  5 wargs
  3 acid dragons
  11 water moccasins
  7 porcupines
  3 black bears
  2 ice beasts
  9 phantoms
  3 eyes of draining
  27 orc warriors
  4 sky beasts
  A tengu (shapeshifter) (D:14)
  A necrophage (D:5)
  5 boggarts (D:14)
  24 ogres
  26 wolves
  11 crocodiles
  14 centaurs
  11 bullfrogs
  3 big kobolds
  Blork the orc (D:6)
  A gnoll sergeant (D:4)
  A water moccasin zombie (D:3)
  4 scorpions
  10 killer bees
  17 wights
  5 howler monkeys
  4 electric eels (Spider:3)
  A lava snake (D:14)
  10 crimson imps
  5 centaur zombies
  A quasit (D:13)
  3 bullfrog zombies
  6 hounds
  7 jellies
  21 orc priests
  Crazy Yiuf (D:4)
  4 gnoll shamans
  4 centaur skeletons
  3 bullfrog skeletons
  8 iguanas
  24 orc wizards
  12 worker ants
  3 killer bee zombies
  A big kobold zombie (Ossuary)
  4 hound skeletons
  3 mummies (Ossuary)
  A howler monkey zombie (D:8)
  4 worker ant zombies (D:9)
  46 gnolls
  9 adders
  4 shadow imps
  A white imp (D:12)
  8 oozes
  An adder zombie (D:9)
  6 adder skeletons
  6 worms
  5 leopard geckos
  105 orcs
  10 giant cockroaches
  A gnoll zombie (Ossuary)
  22 goblins
  9 hobgoblins
  19 jackals
  6 quokkas
  2 ball pythons (D:5)
  8 bats
  7 frilled lizards
  A goblin zombie (Ossuary)
  2 hobgoblin zombies (Ossuary)
  2 jackal skeletons (D:8)
  24 kobolds
  A kobold zombie (Ossuary)
  A leopard gecko skeleton (D:9)
  An orc zombie (Ossuary)
  2 quokka skeletons
  2 quokka zombies (D:9)
  10 rats
  10 fungi
  11 plants
1182 creatures vanquished.

Vanquished Creatures (others)
  A tengu warrior (D:14)
  A shock serpent (shapeshifter) (D:13)
  2 cyclopes
  A centaur zombie (D:13)
  A polar bear (IceCv)
  2 jumping spiders (Spider:3)
  A merfolk (Shoals:1)
  A yak (IceCv)
  A hungry ghost (D:7)
  A wolf (IceCv)
  A jackal (D:2)
  16 kobolds
  49 fungi
  16 plants
94 creatures vanquished.

Grand Total: 1276 creatures vanquished

Notes
Turn   | Place    | Note
-------+----------+-------------------------------------------
     0 | Abyss:1  | Inarius the Demonspawn Abyssal Knight began the quest for
                  | the Orb.
     0 | Abyss:1  | Reached XP level 1. HP: 18/18 MP: 2/2
    89 | Abyss:2  | Noticed a smoke demon
    94 | D:1      | Escaped the Abyss
   113 | D:1      | Reached * piety under Lugonu
   123 | D:1      | Reached skill level 2 in Axes
   126 | D:1      | Gained mutation: You have sharp toenails. [demonic
                  | ancestry]
   126 | D:1      | Reached XP level 2. HP: 19/24 MP: 3/3
   644 | D:1      | Gained mutation: You regenerate a little health from kills.
                  | [demonic ancestry]
   644 | D:1      | Reached XP level 3. HP: 30/30 MP: 5/5
   940 | D:2      | Reached ** piety under Lugonu
  1009 | D:2      | Found a white marble altar of Elyvilon.
  1018 | D:2      | Reached skill level 1 in Dodging
  1356 | D:2      | Reached XP level 4. HP: 22/37 MP: 6/6
  1409 | D:2      | Reached skill level 1 in Stealth
  2082 | D:3      | Found a bloodstained altar of Trog.
  2082 | D:3      | Found a blossoming altar of Fedhas.
  2082 | D:3      | Found a stormy altar of Qazlal.
  2082 | D:3      | Found a shadowy altar of Dithmenos.
  2091 | D:3      | Found an ornate altar of the Wu Jian Council.
  2091 | D:3      | Found an opulent altar of Gozag.
  2435 | D:3      | Found a sacrificial altar of Ru.
  2496 | D:3      | Reached skill level 3 in Axes
  2496 | D:3      | Reached XP level 5. HP: 42/42 MP: 7/7
  2980 | D:4      | Gained mutation: You have razor-sharp toenails. [demonic
                  | ancestry]
  2980 | D:4      | Reached XP level 6. HP: 37/48 MP: 8/8
  3001 | D:4      | Reached *** piety under Lugonu
  3208 | D:3      | Reached skill level 4 in Axes
  3834 | D:4      | Reached skill level 1 in Shields
  3946 | D:4      | Gained mutation: When seriously injured, your bleeding
                  | wounds create armour. (AC +9) [demonic ancestry]
  3946 | D:4      | Reached XP level 7. HP: 38/54 MP: 10/10
  4380 | D:4      | Reached skill level 5 in Axes
  4471 | D:4      | Reached **** piety under Lugonu
  4524 | D:4      | Found a runed translucent door.
  4525 | D:4      | Noticed Crazy Yiuf
  4809 | D:4      | Reached skill level 1 in Evocations
  4918 | D:4      | Reached skill level 5 in Invocations
  4918 | D:4      | Gained mutation: You sometimes gain a little power by
                  | taking damage. [demonic ancestry]
  4918 | D:4      | Reached XP level 8. HP: 43/61 MP: 11/11
  5133 | D:4      | Killed Crazy Yiuf
  5133 | D:4      | Reached skill level 6 in Axes
  5265 | D:5      | Entered Level 5 of the Dungeon
  5267 | D:5      | Found a sand-covered staircase.
  5274 | Ossuary  | Entered an ossuary
  5740 | D:5      | You fall into a shaft and drop 1 floor!
  5740 | D:6      | Noticed Blork the orc
  5746 | D:6      | Killed Blork the orc
  5822 | D:5      | Reached ***** piety under Lugonu
  5960 | D:5      | Reached skill level 7 in Axes
  6009 | D:5      | Found Usare's Gadget Emporium.
  6454 | D:6      | Found a staircase to the Ecumenical Temple.
  6662 | D:6      | Reached XP level 9. HP: 57/66 MP: 13/13
  6711 | D:6      | Noticed a troll
  6805 | D:6      | HP: 3/66 [poisoned by a worker ant]
  6813 | D:6      | Killed a troll
  7192 | D:6      | Noticed Eustachio
  7212 | D:6      | Killed Eustachio
  7212 | D:6      | Reached skill level 5 in Fighting
  7273 | D:7      | Found a shimmering blue altar of Sif Muna.
  7417 | D:7      | Reached skill level 8 in Axes
  8160 | D:7      | Reached skill level 5 in Armour
  8668 | D:8      | Found a staircase to the Lair.
  8679 | D:8      | Gained mutation: You regenerate health from kills. [demonic
                  | ancestry]
  8679 | D:8      | Reached XP level 10. HP: 76/76 MP: 15/15
  8730 | D:8      | Found a transporter.
  8742 | D:8      | Found a transporter.
  8742 | D:8      | Noticed emiel's ghost (novice FoFi)
  8787 | D:8      | Reached skill level 9 in Axes
  8929 | D:8      | Found a shimmering altar of Xom.
  9365 | D:9      | Noticed a necromancer
  9518 | D:9      | Reached skill level 10 in Axes
  9557 | D:9      | Identified the ring "Kefimpasa" {rPois rN+}
  9563 | D:9      | Noticed a necromancer
  9682 | D:9      | Killed a necromancer
  9697 | D:9      | Killed a necromancer
  9816 | D:9      | Found a staircase to the Orcish Mines.
  9986 | D:9      | Reached ****** piety under Lugonu
 10110 | D:9      | Found Duif Arch's Antique Weapon Shop.
 10115 | D:9      | Bought an iridescent battleaxe for 368 gold pieces
 10115 | D:9      | Bought a jewelled hand axe for 256 gold pieces
 10115 | D:9      | Identified the +7 hand axe of the Little People {venom,
                  | *Rage rPois Dex+4} (You bought it in a shop on level 9 of
                  | the Dungeon)
 10126 | D:9      | Identified the +7 battleaxe of Pride {flame, rN+++ Str+5
                  | Dex-5 Stlth-} (You bought it in a shop on level 9 of the
                  | Dungeon)
 10183 | D:9      | Gained mutation: You have claws for feet. [demonic
                  | ancestry]
 10183 | D:9      | Reached XP level 11. HP: 76/81 MP: 17/17
 10288 | D:9      | Reached skill level 11 in Axes
 10751 | D:10     | Entered Level 10 of the Dungeon
 10868 | D:10     | You fall into a shaft and drop 1 floor!
 11522 | D:11     | Noticed a wizard
 11534 | D:11     | Noticed a wizard
 11544 | D:11     | Killed a wizard
 11547 | D:11     | Killed a wizard
 11603 | D:11     | Noticed a wizard
 11606 | D:11     | Noticed a wizard
 11611 | D:11     | Killed a wizard
 11611 | D:11     | Reached skill level 12 in Axes
 11613 | D:11     | Killed a wizard
 11642 | D:11     | Noticed a wizard
 11646 | D:11     | Killed a wizard
 11647 | D:11     | Noticed a wizard
 11650 | D:11     | Found the +3 warlock's mirror {reflect}
 11660 | D:11     | Killed a wizard
 11795 | D:9      | Bought a broad axe for 128 gold pieces
 12079 | D:11     | Noticed a wizard
 12090 | D:11     | Killed a wizard
 12101 | D:11     | Noticed a wizard
 12105 | D:11     | Noticed a wizard
 12110 | D:11     | Killed a wizard
 12120 | D:11     | Killed a wizard
 12146 | D:11     | Noticed a wizard
 12149 | D:11     | Killed a wizard
 12149 | D:11     | Gained mutation: You regenerate a lot of health from kills.
                  | [demonic ancestry]
 12149 | D:11     | Reached XP level 12. HP: 81/91 MP: 19/19
 12517 | Lair:1   | Entered Level 1 of the Lair of Beasts
 12565 | Lair:1   | Found a frozen archway.
 12595 | IceCv    | Entered an ice cave
 12627 | IceCv    | Reached skill level 13 in Axes
 12914 | IceCv    | Noticed a death yak
 12928 | IceCv    | Killed a death yak
 12933 | IceCv    | Reached skill level 10 in Invocations
 13058 | IceCv    | Noticed a frost giant
 13078 | IceCv    | Killed a frost giant
 13082 | IceCv    | Reached skill level 14 in Axes
 13313 | Lair:1   | Reached XP level 13. HP: 98/98 MP: 15/20
 14058 | Lair:2   | Found a hole to the Spider Nest.
 14186 | Lair:2   | Reached skill level 15 in Axes
 14383 | Lair:2   | Noticed a dire elephant
 14401 | Lair:2   | Killed a dire elephant
 15092 | Lair:3   | Reached skill level 16 in Axes
 15739 | Lair:4   | Reached XP level 14. HP: 101/108 MP: 21/21
 15919 | Lair:4   | Found a staircase to the Shoals.
 16326 | Lair:5   | Noticed Kirke
 16341 | Lair:5   | Killed Kirke
 16905 | Lair:6   | Entered Level 6 of the Lair of Beasts
 16907 | Lair:6   | Found a staircase to the Slime Pits.
 17266 | Lair:6   | Reached skill level 17 in Axes
 17477 | Lair:6   | Got a polished ring mail
 17488 | Lair:6   | Identified the +6 ring mail of Kolleido {rCorr} (You found
                  | it on level 6 of the Lair of Beasts)
 18168 | D:8      | Reached skill level 10 in Fighting
 18176 | D:8      | Killed emiel's ghost
 18257 | Orc:1    | Entered Level 1 of the Orcish Mines
 18257 | Orc:1    | Found Maircheod's Magic Scroll Emporium.
 18307 | Orc:1    | Bought a scroll of acquirement for 728 gold pieces
 18307 | Orc:1    | Bought a scroll of identify for 28 gold pieces
 18318 | D:9      | Got a smoking executioner's axe
 18326 | D:9      | Identified the +7 executioner's axe "Plog" {chop, rN+} (You
                  | acquired it on level 9 of the Dungeon)
 18442 | Orc:1    | Found Wisuutudd's Antique Weapon Boutique.
 18819 | Orc:2    | Entered Level 2 of the Orcish Mines
 18965 | Orc:2    | Found a staircase to the Elven Halls.
 19080 | Orc:2    | Reached XP level 15. HP: 115/115 MP: 8/22
 19159 | Orc:2    | Found Ighut's Food Shoppe.
 19165 | Orc:2    | Reached skill level 18 in Axes
 19217 | Orc:2    | Found Wibiqur's Distillery.
 19272 | Orc:2    | Found Unuh Wai's Food Shop.
 19283 | Orc:2    | Found Kyiraim's General Store.
 19301 | Orc:2    | Paralysed by an ogre mage for 3 turns
 19353 | Orc:2    | Bought a +0 pair of gloves of dexterity for 161 gold pieces
 19460 | Orc:2    | Found a shimmering blue altar of Sif Muna.
 19613 | Orc:2    | Found Lomeilew's Book Shop.
 19928 | D:12     | Reached skill level 5 in Shields
 19968 | D:12     | Found a flagged portal.
 19983 | Bailey   | Entered a bailey
 21415 | D:13     | Noticed an iron dragon
 21484 | D:13     | Noticed a fire giant
 21501 | D:13     | Killed a fire giant
 21592 | D:13     | Killed an iron dragon
 21751 | D:13     | Found the +7 mace of Variability {chain chaos}
 21757 | D:13     | Identified the Collected Works on Conjuration and Stones
 22110 | D:13     | Noticed an azure jelly
 22112 | D:13     | Noticed a frost giant
 22112 | D:13     | an azure jelly changed into a frost giant
 22118 | D:13     | a frost giant changed into a dire elephant
 22126 | D:13     | Noticed a frost giant
 22126 | D:13     | an iron troll changed into a frost giant
 22134 | D:13     | Noticed a sphinx
 22134 | D:13     | a frost giant changed into a sphinx
 22135 | D:13     | Banished a sphinx
 22425 | D:13     | Found a gate to the Vaults.
 22598 | D:14     | Found a gate leading to a gauntlet.
 22607 | Gauntlet | Entered a Gauntlet
 22607 | Gauntlet | Found a transporter.
 22607 | Gauntlet | Found a transporter.
 22624 | Gauntlet | Found a transporter.
 22628 | Gauntlet | Found a transporter.
 22638 | Gauntlet | Found a transporter.
 22659 | Gauntlet | Found a transporter.
 22665 | Gauntlet | Found a transporter.
 22673 | Gauntlet | Found a transporter.
 22691 | Gauntlet | Found a transporter.
 22699 | Gauntlet | Found a transporter.
 22717 | Gauntlet | Found a transporter.
 22740 | Gauntlet | Found a transporter.
 22898 | Gauntlet | Got a shimmering golden ring
 22907 | Gauntlet | Identified the ring of the Tempest {rPois Slay+2 SInv} (You
                  | found it in a Gauntlet)
 23397 | D:14     | Noticed Jorgrun
 23413 | D:14     | Killed Jorgrun
 23413 | D:14     | Reached XP level 16. HP: 121/127 MP: 22/24
 23870 | D:14     | Upgraded the game from 0.25-a0-364-ge76b031baf to
                  | 0.25-a0-365-g7600c65aa0
 23886 | D:15     | Entered Level 15 of the Dungeon
 23886 | D:15     | Noticed Nessos
 23921 | D:15     | Killed Nessos
 24217 | D:15     | Reached skill level 19 in Axes
 24232 | D:15     | Noticed Josephine
 24239 | D:15     | Killed Josephine
 24431 | D:15     | Found a staircase to the Depths.
 24766 | Spider:1 | Entered Level 1 of the Spider Nest
 26059 | Spider:2 | Noticed Frances
 26072 | Spider:2 | Killed Frances
 26850 | Spider:3 | Gained mutation: When seriously injured, your bleeding
                  | wounds create thick armour. (AC +9) [demonic ancestry]
 26850 | Spider:3 | Reached XP level 17. HP: 135/135 MP: 23/25
 26943 | Spider:3 | Noticed Bai Suzhen
 26969 | Spider:3 | Killed Bai Suzhen
 27193 | Spider:3 | Reached skill level 10 in Shields
 27523 | Shoals:1 | Entered Level 1 of the Shoals
 27702 | Shoals:1 | Identified the cursed +0 scale mail of Music {*Slow +Fly
                  | rC+ rN++} (You found it on level 1 of the Shoals)
 28168 | Shoals:1 | Reached skill level 5 in Evocations
 28367 | Shoals:2 | Noticed Polyphemus
 28385 | Shoals:2 | Killed Polyphemus
 28959 | Shoals:2 | Noticed Ilsuiw
 28996 | Shoals:2 | Reached skill level 10 in Armour
 29268 | Shoals:2 | Slain by a water elemental

Levels and vault maps discovered:
D:1:      shiori_arrival_maze, layout_loops_ring, kennysheep_decorative_pillar,
          minmay_misc_feat_four_crosses, amethyst_killhole
D:2:      layout_loops_ring, elyvilon_altar_4
D:3:      layout_basic, minmay_overflow_temple_hex, overflow_temple_1_default,
          serial_bayou_lake_a
D:4:      lemuel_castle_with_subvaults [lemuel_castle_interior_carwin_3],
          layout_basic, first_ration, uniq_crazy_yiuf_cottage
D:5:      layout_gridville, serial_shops, nicolae_shop_waterfront,
          lightli_ossuary_entry_decrepit_ruins
D:6:      layout_basic, minmay_temple_entry_arrows, uniq_blork_the_orc,
          uniq_eustachio
D:7:      layout_basic, overflow_temple_1_default
D:8:      layout_cave_pools, erik_lair_orcish_takeover, gammafunk_ghost_arena,
          tgw_xom
D:9:      hangedman_screamer, layout_basic, david_orc_3, serial_shops,
          nicolae_shop_statue_plus
D:10:     layout_gridville, hangedman_little_slice_of_home,
          chequers_decorated_corner
D:11:     minmay_smoke_and_mirrors, layout_basic, kennysheep_crisscross
D:12:     layout_loops_corners, enter_bailey_3, minmay_fire_ice_demons
D:13:     minmay_expanding_squares, layout_long_grid, david_vaults_2
D:14:     layout_cave_pools, chequers_serial_rivers_micro_e,
          gauntlet_entry_generic, corner_web_ring,
          chequers_serial_rivers_small_3, minivault_8, uniq_jorgrun
D:15:     grunt_enter_depths_snipers, layout_gridville, uniq_josephine,
          uniq_nessos
Lair:1:   layout_loops_ring, portal_ice_cave_entry_pillars_1,
          serial_bayou_crossing
Lair:2:   mu_elephants_graveyard, layout_chaotic_city,
          nicolae_spider_entry_non_spiders, grunt_forest_small_clearing_treed
Lair:3:   layout_cave_pods, st_stairs_12, beast_lair_carwin_6,
          serial_bayou_shore_a
Lair:4:   layout_concentric_octagons, minmay_shoals_entry_beasts,
          chequers_serial_rivers_small_3, grunt_megastairs_4,
          serial_bayou_shore_b, lemuel_fruit_tree
Lair:5:   layout_hall_layers, uniq_kirke
Lair:6:   grunt_lair_end_beastmaster, layout_loops_ring,
          minmay_slime_entry_oklob_open
Shoals:1: layout_shoals
Shoals:2: gammafunk_its_a_trap, layout_shoals, uniq_ilsuiw, uniq_polyphemus
Spider:1: layout_spider_delve
Spider:2: nicolae_spider_mines_1, uniq_frances
Spider:3: layout_spider_delve, drop_trap, nicolae_orb_island, uniq_bai_suzhen
Orc:1:    layout_caves, serial_shops, shop, shop_scrolls
Orc:2:    st_orc_open, layout_diamond_mine, serial_shops, nicolae_shop_crystal,
          led_sif_book

Skill      XL: |  1  2  3  4  5  6  7  8  9 10 11 12 13 14 15 16 17 |
---------------+----------------------------------------------------+-----
Axes           | 2 3 4 5 7 8 10 12 14 16 17 18 19 | 19.9
Armour         | 2 3 4 5 6 7 8 9 10 | 10.0
Invocations    | 3 4 5 7 8 9 10 11 | 11.7
Dodging        | 1 2 3 |  3.4
Stealth        | 1 |  1.5
Fighting       | 4 5 6 7 8 9 10 11 12 13 | 13.1
Shields        | 1 2 3 4 7 9 10 | 10.6
Evocations     | 1 2 3 4 5 |  5.3

Action                   |  1- 3 |  4- 6 |  7- 9 | 10-12 | 13-15 | 16-18 || total
-------------------------+-------+-------+-------+-------+-------+-------++-------
Melee: Hand axe          |   133 |   255 |   552 |       |   201 |       ||  1141
       Kick              |    17 |    58 |   133 |   147 |   441 |   298 ||  1094
       War axe           |       |       |    16 |   264 |       |       ||   280
       Battleaxe         |       |       |       |   350 |   524 |       ||   874
       Executioner's axe |       |       |       |       |    20 |       ||    20
       Broad axe         |       |       |       |       |   549 |   886 ||  1435
Throw: Boomerang         |       |    14 |     7 |       |       |       ||    21
       Javelin           |       |       |     2 |     2 |     3 |       ||     7
Invok: Depart the Abyss  |     1 |       |       |       |       |       ||     1
       Banish            |       |       |     1 |       |     3 |       ||     4
 Abil: Evoke Invisibilit |       |       |     2 |       |       |       ||     2
Evoke: Wand              |       |       |       |    17 |    17 |    19 ||    53
  Use: Scroll            |       |       |    16 |     3 |    19 |     6 ||    44
       Potion            |       |       |     4 |       |     5 |     4 ||    13
 Stab: Sleeping          |     1 |     1 |       |       |     1 |       ||     3
       Petrified         |       |       |       |       |     6 |       ||     6
       Invisible         |       |       |       |       |     8 |       ||     8
       Distracted        |       |       |       |       |       |     1 ||     1
  Eat: Chunk             |     2 |     8 |    20 |    18 |    36 |    16 ||   100
       Ration            |       |       |       |       |       |     1 ||     1
Armor: Leather armour    |    35 |    17 |       |       |       |       ||    52
       Plate armour      |       |    86 |       |       |       |       ||    86
       Chain mail        |       |    64 |   366 |   360 |   303 |    69 ||  1162
       Ring mail         |       |       |       |       |   223 |   262 ||   485
Dodge: Dodged            |    74 |    99 |   149 |   243 |   794 |   622 ||  1981
Block: Buckler           |     3 |    39 |    43 |     6 |   328 |   456 ||   875
       Shield            |       |       |   154 |    71 |       |   134 ||   359
       Reflection        |       |       |       |     1 |   119 |    19 ||   139
       Other             |       |       |       |     1 |       |       ||     1

Table legend:
 A = Non-vault XP
 B = Vault XP
 C = Vault XP percentage of total XP
 D = Non-vault monster count
 E = Vault monster count
 F = Vault count percentage of total count
                 A         B        C        D         E       F
            +---------+---------+-------+---------+---------+-------
      Total |  135743 |  123389 |  47.6 |     779 |     407 |  34.3
            +---------+---------+-------+---------+---------+-------
        D:1 |      47 |       3 |   6.0 |      29 |       2 |   6.5
        D:2 |      75 |       0 |   0.0 |      21 |       0 |   0.0
        D:3 |     132 |      29 |  18.0 |      26 |       2 |   7.1
        D:4 |     577 |     726 |  55.7 |      30 |      49 |  62.0
        D:5 |     654 |       0 |   0.0 |      25 |       0 |   0.0
        D:6 |     676 |     279 |  29.2 |      19 |       2 |   9.5
        D:7 |    1250 |     300 |  19.4 |      23 |       4 |  14.8
        D:8 |    1040 |    1980 |  65.6 |      37 |      18 |  32.7
        D:9 |    2488 |    3596 |  59.1 |      33 |      35 |  51.5
       D:10 |     837 |     170 |  16.9 |      24 |       8 |  25.0
       D:11 |    1587 |    7047 |  81.6 |      18 |      10 |  35.7
       D:12 |    3898 |      64 |   1.6 |      36 |       6 |  14.3
       D:13 |    6001 |   14209 |  70.3 |      33 |      22 |  40.0
       D:14 |    6004 |    4667 |  43.7 |      29 |       5 |  14.7
       D:15 |   14393 |    5448 |  27.5 |      58 |       9 |  13.4
     Lair:1 |    6687 |       0 |   0.0 |      29 |       0 |   0.0
     Lair:2 |    6292 |    8814 |  58.3 |      29 |      25 |  46.3
     Lair:3 |    5440 |    2247 |  29.2 |      15 |       7 |  31.8
     Lair:4 |    4397 |    1437 |  24.6 |      20 |       4 |  16.7
     Lair:5 |     786 |    3041 |  79.5 |       4 |       6 |  60.0
     Lair:6 |    9238 |   10676 |  53.6 |      34 |      21 |  38.2
   Shoals:1 |   15389 |    4713 |  23.4 |      36 |       5 |  12.2
   Shoals:2 |    3188 |    4696 |  59.6 |       7 |       6 |  46.2
   Spider:1 |   19826 |       0 |   0.0 |      57 |       0 |   0.0
   Spider:2 |    8894 |    6057 |  40.5 |      19 |      11 |  36.7
   Spider:3 |   10574 |    7854 |  42.6 |      34 |       6 |  15.0
      Orc:1 |    4643 |       0 |   0.0 |      47 |       0 |   0.0
      Orc:2 |     730 |   15782 |  95.6 |       7 |      39 |  84.8
    Ossuary |       0 |     136 | 100.0 |       0 |      11 | 100.0
     Bailey |       0 |    1068 | 100.0 |       0 |      32 | 100.0
      IceCv |       0 |   11311 | 100.0 |       0 |      45 | 100.0
   Gauntlet |       0 |    7039 | 100.0 |       0 |      17 | 100.0
            +---------+---------+-------+---------+---------+-------
